 Dungeon Crawl Stone Soup version 0.25-a0-302-g9f758675c1 (webtiles) character file.

Game seed: 11689666244764048897, levelgen mode: deterministic

55101 tilp the Basher (level 15, -9/180 HPs)
             Began as a Human Artificer on Dec 19, 2019.
             Was a High Priest of Okawaru.
             Killed from afar by Jorgrun (28 damage)
             ... with an iron shot
             ... on level 12 of the Dungeon on Dec 20, 2019.
             The game lasted 01:07:34 (24978 turns).

tilp the Basher (Human Artificer)                  Turns: 24978, Time: 01:07:34

Health: -9/180     AC: 29    Str: 26    XL:     15   Next: 16%
Magic:  23/23      EV: 15    Int: 13    God:    Okawaru [*****.]
Gold:   801        SH:  0    Dex: 17    Spells: 13/14 levels left

rFire    + + .     SeeInvis +   a - +0 dire flail
rCold    + + +     Gourm    .   (shield currently unavailable)
rNeg     . . .     Faith    .   w - +4 plate armour
rPois    +         Spirit   .   A - +1 helmet
rElec    +         Reflect  .   e - +1 cloak {rPois}
rCorr    .         Harm     .   F - +1 pair of gloves {Dex+3}
MR       +....                  k - +0 pair of boots
Stlth    ..........             r - amulet of Toraorcha {RegenMP rElec rF++ SInv}
HPRegen  0.40/turn              S - ring of Light {Wiz +Inv Str+2 Int+2}
MPRegen  0.43/turn              Q - ring "Kaussour" {+Fly rC+++}

@: berserking (expiring), heroism, very quick
A: no striking features
a: Heroism, Finesse, Renounce Religion, Evoke Invisibility, Evoke Flight


You were on level 12 of the Dungeon.
You worshipped Okawaru.
Okawaru was extremely pleased with you.
You were hungry.

You visited 2 branches of the dungeon, and saw 18 of its levels.

You collected 1458 gold pieces.
You spent 657 gold pieces at shops.

Inventory:

Hand Weapons
 a - a +0 dire flail (weapon)
Missiles
 u - 9 curare-tipped darts
 x - 12 javelins
 y - 3 throwing nets
 G - 7 atropa-tipped darts
 J - 28 boomerangs (quivered)
 W - 3 silver boomerangs
Armour
 e - a +1 cloak of poison resistance (worn)
 k - a +0 pair of boots (worn)
 w - a +4 plate armour (worn)
 A - a +1 helmet (worn)
 F - a +1 pair of gloves of dexterity (worn)
 H - the +2 chain mail "Hakkum" {+Blink Dex+3, unknown}
   (Okawaru gifted it to you on level 3 of the Lair of Beasts)

   It affects your dexterity (+3).
   It lets you blink.
Magical Staves
 b - an uncursed staff of wizardry
Jewellery
 m - an uncursed ring of resist corrosion
 r - the amulet of Toraorcha (around neck) {RegenMP rElec rF++ SInv}
   (You bought it in a shop on level 4 of the Dungeon)

   [amulet of magic regeneration]

   It increases your magic regeneration.
   It greatly protects you from fire.
   It insulates you from electricity.
   It lets you see invisible.
 Q - the ring "Kaussour" (right hand) {+Fly rC+++}
   (You found it on level 8 of the Dungeon)

   [ring of flight]

   It renders you almost immune to cold.
   It lets you fly.
 S - the ring of Light (left hand) {Wiz +Inv Str+2 Int+2}
   (You found it on level 8 of the Dungeon)

   [ring of wizardry]

   It improves your spell success rate.
   It affects your strength (+2).
   It affects your intelligence (+2).
   It lets you turn invisible.
 U - an uncursed amulet of the acrobat {unknown}
Wands
 d - a wand of enslavement (8)
 f - a wand of flame (57)
 o - a wand of polymorph (9)
 E - a wand of disintegration (8)
 M - a wand of iceblast (24)
 T - a wand of acid (2)
 Z - a wand of paralysis (9)
Scrolls
 h - 3 scrolls of enchant weapon
 j - 8 scrolls of remove curse
 n - 2 scrolls of magic mapping
 s - 8 scrolls of teleportation
 z - 2 scrolls of amnesia {unknown}
 I - 6 scrolls of fear
 L - 2 scrolls of blinking
 X - a scroll of brand weapon {unknown}
Potions
 g - 4 potions of haste
 i - 3 potions of lignification
 l - 3 potions of flight
 p - 7 potions of curing
 q - 4 potions of ambrosia
 t - 2 potions of brilliance
 v - 2 potions of berserk rage
 C - 2 potions of might
 D - a potion of mutation
 K - a potion of degeneration {unknown}
 N - 2 potions of heal wounds
 O - 3 potions of resistance
 V - a potion of invisibility {unknown}
 Y - 3 potions of cancellation {unknown}
Miscellaneous
 B - a fan of gales (inert)
 P - a lightning rod (inert)
Comestibles
 c - 26 rations


   Skills:
 - Level 12.0(17.0) Fighting
   Level 1.0(6.0) Short Blades
 - Level 14.0(19.0) Maces & Flails
 - Level 6.0(11.0) Throwing
 - Level 8.0(13.0) Armour
 - Level 8.0(13.0) Dodging
 - Level 1.0(6.0) Stealth
 + Level 11.9 Invocations
 - Level 6.0 Evocations


You had 13 spell levels left.
You knew the following spells:

 Your Spells              Type           Power        Failure   Level  Hunger
a - Apportation           Tloc           #.....       65%         1    ##.....

Your spell library contained the following spells:

 Spells                   Type           Power        Failure   Level  Hunger
 Animate Skeleton         Necr           N/A          65%         1    ##.....
 Confusing Touch          Hex            #.....       65%         1    ##.....
 Freeze                   Ice            #...         65%         1    ##.....
 Magic Dart               Conj           #...         65%         1    ##.....
 Shock                    Conj/Air       #...         65%         1    ##.....
 Summon Small Mammal      Summ           #...         65%         1    ##.....
 Passwall                 Tmut/Erth      #.......     78%         2    ###....
 Searing Ray              Conj           #.....       78%         2    ###....
 Dazzling Flash           Conj/Hex       #.....       94%         3    ####...
 Mephitic Cloud           Conj/Pois/Air  #.......     94%         3    ####...
 Ozocubu's Armour         Chrm/Ice       #.......     94%         3    ####...
 Fulminant Prism          Conj/Hex       #.........   100%        4    #####..
 Hailstorm                Conj/Ice       #.......     100%        4    #####..
 Iskenderun's Mystic Bla  Conj/Tloc      #.......     100%        4    #####..
 Summon Ice Beast         Ice/Summ       #.......     100%        4    #####..
 Conjure Ball Lightning   Conj/Air       #.........   100%        6    #######
 Dragon Form              Tmut           #.........   100%        7    #######


Dungeon Overview and Level Annotations

Branches:
Dungeon (12/15)            Temple (0/1) D:6            Lair (6/6) D:11
  Swamp (0/4) Lair:4        Snake (0/4) Lair:3        Slime (0/5) Lair:5
    Orc (0/2) D:12

Altars:
Cheibriados
Elyvilon
Kikubaaqudgha
Makhleb
Nemelex Xobeh
Okawaru
Trog
Vehumet
Yredelemnul
The Shining One

Shops:
D:4 =   D:6 :

Portals:
Hell: Lair:6

Annotations:
D:12 Jorgrun
Lair:1 exclusion: 4 oklob plants


Message History

* * * LOW HITPOINT WARNING * * *
x2 You impale Rupert!!
Rupert is severely wounded.
You perforate Rupert like a sieve!!!
You kill Rupert!
Okawaru is honoured by your kill. Jorgrun casts a spell past you.
The wall shatters!
The blast of rock fragments hits you but does no damage.
The grasping roots constrict you.
You are too berserk!
You escape the roots' grasp.
Unknown command.
You are too berserk!
You feel a strong urge to attack something.
You feel your anger nearly subside.
Jorgrun says, "Yer just na down-ta-earth enough."
Jorgrun casts a spell at you. The iron shot hits you!!
You die...

......# *,***,*,*,*,* *,,,,*
......# *..*#.#,*,*,***,,,,*
......###***#.##.#,*,*,,**,,,,*
.........,,,,....#,*,*,,,,,,,,*
......###****#.#.#,*,*,***,,,,*
......# *...#,*,*,* *,,,,*
......# **..#####.#**,,,,*
......# *#g.......,,,,,,*
......# #@#********,,,,*
......# #.# **,*** ###.### #.#
**,* **,* #u# **,,* *,,* #.#
*,,** *,** #r# *,** *,*
#######.#### *,* **,*
#..$.......# **+****** ,,,*
#.......<..# *,,,,,,,*


You could see Jorgrun, a red ugly thing and a quokka.

Vanquished Creatures
  Rupert (D:12)
  A dire elephant (Lair:6)
  Harold (Lair:2)
  Fannar (Lair:1)
  6 hydras
  Erica (Lair:2)
  A two-headed ogre (D:8)
  4 death yaks (Lair:4)
  A sixfirhy (Lair:6)
  A lindwurm (Lair:6)
  A wizard (Lair:6)
  An oklob plant (D:11)
  2 cyclopes
  Joseph (D:8)
  21 elephants
  4 black mambas
  Psyche (D:8)
  An orange demon (Lair:6)
  A gargoyle (D:11)
  7 spiny frogs
  3 rime drakes
  7 komodo dragons
  2 queen bees
  A hellwing (Lair:6)
  3 red devils (Lair:6)
  An ice devil (Lair:6)
  A troll (D:8)
  4 tyrant leeches (Lair:4)
  A polar bear (Lair:6)
  A wolf spider simulacrum (Lair:1)
  Grinder (D:4)
  7 hippogriffs
  5 blink frogs
  11 dream sheep
  Sigmund (D:2)
  A shadow (D:7)
  33 yaks
  2 wraiths
  3 wyverns
  2 vampire mosquitoes (D:11)
  Menkaure (D:7)
  Edmund (D:4)
  A swamp worm (Lair:4)
  5 hell hounds (Lair:6)
  21 water moccasins
  9 porcupines
  10 orc warriors
  3 sky beasts
  7 ice beasts
  4 phantoms
  3 ogres
  5 wolves (Lair:5)
  5 centaurs
  16 crocodiles
  2 big kobolds
  16 bullfrogs
  A spiny frog simulacrum (Lair:1)
  5 scorpions
  13 killer bees
  An elephant simulacrum (Lair:1)
  8 wights
  7 howler monkeys
  3 crimson imps
  2 hounds
  5 orc priests
  4 centaur skeletons
  3 bullfrog skeletons
  A gnoll shaman (D:7)
  6 jellies
  9 orc wizards
  3 iguanas
  9 worker ants
  A killer bee zombie (D:5)
  A hound zombie (D:2)
  2 howler monkey zombies
  A worker ant zombie (D:9)
  8 gnolls
  15 adders
  2 crocodile simulacra (Lair:1)
  6 shadow imps
  An adder zombie (D:6)
  An adder skeleton (D:6)
  2 worms
  A dart slug (D:1)
  3 leopard geckos
  51 orcs
  5 giant cockroaches
  21 goblins
  15 hobgoblins
  16 jackals
  4 quokkas
  5 ball pythons
  13 bats
  8 frilled lizards
  A jackal skeleton (D:5)
  22 kobolds
  A leopard gecko skeleton (D:6)
  6 rats
  A fungus (Lair:6)
  A plant (D:11)
551 creatures vanquished.

Vanquished Creatures (collateral kills)
  A bat (D:1)
  A goblin (D:2)
  2 hobgoblins
  A jackal (D:2)
  A kobold (D:8)
6 creatures vanquished.

Vanquished Creatures (others)
  A big kobold (D:8)
  2 orcs (D:9)
  A goblin (D:2)
  A jackal (D:2)
  4 fungi
  3 plants
12 creatures vanquished.

Grand Total: 569 creatures vanquished

Notes
Turn   | Place    | Note
-------+----------+-------------------------------------------
     0 | D:1      | tilp the Human Artificer began the quest for the Orb.
     0 | D:1      | Reached XP level 1. HP: 15/15 MP: 3/3
   107 | D:1      | Reached XP level 2. HP: 21/22 MP: 4/4
   645 | D:1      | Reached XP level 3. HP: 27/28 MP: 5/5
  1504 | D:2      | Reached XP level 4. HP: 14/35 MP: 6/6
  1927 | D:2      | Noticed Sigmund
  2326 | D:2      | Found an iron altar of Okawaru.
  2450 | D:2      | Became a worshipper of Warmaster Okawaru
  2537 | D:2      | Reached skill level 1 in Armour
  2543 | D:2      | Reached XP level 5. HP: 35/42 MP: 7/7
  2575 | D:2      | Killed Sigmund
  2575 | D:2      | Reached XP level 6. HP: 40/48 MP: 8/8
  3275 | D:3      | Reached * piety under Okawaru
  3275 | D:3      | Reached XP level 7. HP: 52/55 MP: 9/9
  3310 | D:3      | Reached skill level 5 in Fighting
  3442 | D:3      | Found an ancient bone altar of Kikubaaqudgha.
  3860 | D:4      | Upgraded the game from 0.25-a0-294-gea9b1ad378 to
                  | 0.25-a0-302-g9f758675c1
  3887 | D:4      | Found Qotuvos's Jewellery Shop.
  3924 | D:4      | Noticed Grinder
  3975 | D:4      | Reached ** piety under Okawaru
  4100 | D:4      | Reached XP level 8. HP: 60/64 MP: 10/10
  4301 | D:4      | Noticed Edmund
  4567 | D:5      | Entered Level 5 of the Dungeon
  4879 | D:5      | Found a glowing golden altar of the Shining One.
  5134 | D:5      | Found a white marble altar of Elyvilon.
  5134 | D:5      | Found a sparkling altar of Nemelex Xobeh.
  5136 | D:5      | Found a basalt altar of Yredelemnul.
  5343 | D:6      | Found a staircase to the Ecumenical Temple.
  5353 | D:6      | Reached skill level 1 in Maces & Flails
  5503 | D:6      | Found Ryruet's Book Shoppe.
  5619 | D:6      | Reached skill level 2 in Maces & Flails
  5695 | D:6      | Reached skill level 3 in Maces & Flails
  5785 | D:6      | Reached skill level 4 in Maces & Flails
  5837 | D:6      | Reached XP level 9. HP: 18/69 MP: 10/12
  6110 | D:6      | Found a bloodstained altar of Trog.
  6157 | D:6      | Reached skill level 5 in Maces & Flails
  6200 | D:6      | Reached skill level 6 in Maces & Flails
  6607 | D:6      | Reached skill level 7 in Maces & Flails
  6621 | D:6      | Reached *** piety under Okawaru
  6784 | D:6      | Found a snail-covered altar of Cheibriados.
  6786 | D:6      | Found a radiant altar of Vehumet.
  7172 | D:7      | Reached skill level 5 in Armour
  7306 | D:7      | Noticed Menkaure
  7315 | D:7      | Killed Menkaure
  7558 | D:7      | Reached skill level 8 in Maces & Flails
  7603 | D:7      | Reached XP level 10. HP: 72/76 MP: 11/13
  8404 | D:8      | Reached skill level 9 in Maces & Flails
  8780 | D:8      | Noticed Joseph
  8803 | D:8      | Killed Joseph
  8803 | D:8      | Reached skill level 10 in Maces & Flails
  8894 | D:8      | Reached **** piety under Okawaru
  9134 | D:8      | Noticed a two-headed ogre
  9153 | D:8      | Killed a two-headed ogre
  9153 | D:8      | Reached skill level 11 in Maces & Flails
  9168 | D:8      | Noticed a cyclops
  9187 | D:7      | Reached XP level 11. HP: 26/81 MP: 12/14
  9950 | D:8      | Killed a cyclops
 10166 | D:8      | Reached skill level 12 in Maces & Flails
 10215 | D:8      | Got a translucent ruby amulet
 10218 | D:8      | Got a brightly glowing iron ring
 10225 | D:8      | Got a glittering steel ring
 10228 | D:8      | Got a faintly glowing marble ring
 10369 | D:8      | Identified the amulet of the Postmodern Songs {Gourm rF+
                  | MP+9 Stlth+} (You found it on level 8 of the Dungeon)
 10370 | D:8      | Identified the ring "Kaussour" {+Fly rC+++} (You found it
                  | on level 8 of the Dungeon)
 10423 | D:8      | Noticed Psyche
 10426 | D:8      | Killed Psyche
 10674 | D:8      | Identified the ring "Ecopa" {-Tele rElec Dex+4 SInv} (You
                  | found it on level 8 of the Dungeon)
 11169 | D:9      | Reached skill level 13 in Maces & Flails
 11624 | D:9      | Identified the ring of Light {Wiz +Inv Str+2 Int+2} (You
                  | found it on level 8 of the Dungeon)
 12185 | D:9      | Reached ***** piety under Okawaru
 12235 | D:10     | Entered Level 10 of the Dungeon
 12242 | D:10     | You fall into a shaft and drop 2 floors!
 12274 | D:12     | Noticed Rupert
 12322 | D:11     | Reached skill level 14 in Maces & Flails
 12560 | D:11     | Found a staircase to the Lair.
 12560 | D:11     | Noticed an oklob plant
 13609 | D:11     | Reached XP level 12. HP: 80/89 MP: 15/15
 13738 | D:11     | Reached skill level 5 in Invocations
 14063 | D:11     | Reached skill level 5 in Dodging
 14448 | D:11     | HP: 4/89 [poisoned by an orc]
 14453 | D:11     | HP: 3/89 [poisoned by an orc]
 14458 | D:11     | HP: 2/89 [poisoned by an orc]
 14466 | D:11     | HP: 2/89 [poisoned by an orc]
 15382 | D:4      | Bought the amulet of Toraorcha {RegenMP rElec rF++ SInv}
                  | for 657 gold pieces
 15415 | D:4      | Killed Edmund
 15552 | D:4      | Killed Grinder
 15722 | Lair:1   | Entered Level 1 of the Lair of Beasts
 15984 | Lair:1   | Found a transporter.
 16008 | Lair:1   | Found a transporter.
 16496 | Lair:1   | Identified Qywis's Reference Book on Feathers and
                  | Transmigration
 16626 | Lair:1   | Noticed Fannar
 16666 | Lair:1   | Killed Fannar
 16666 | Lair:1   | Reached skill level 5 in Evocations
 16871 | Lair:1   | Identified a scroll of acquirement
 17427 | Lair:2   | Noticed Sonja
 17435 | Lair:2   | Noticed Sonja
 17435 | Lair:2   | Sonja changed into Sonja the wyvern
 17445 | Lair:2   | Killed Sonja the wyvern
 17597 | Lair:2   | Noticed Harold
 17620 | Lair:2   | Killed Harold
 17895 | Lair:2   | Noticed Erica
 17926 | Lair:2   | Killed Erica
 18297 | Lair:3   | Reached XP level 13. HP: 71/99 MP: 18/18
 18497 | Lair:3   | Found a staircase to the Snake Pit.
 18504 | Lair:3   | Received a gift from Okawaru
 18542 | Lair:3   | Got a faintly humming chain mail {god gift}
 19357 | Lair:4   | Reached skill level 10 in Fighting
 19359 | Lair:4   | Reached skill level 1 in Throwing
 19603 | Lair:4   | Reached skill level 5 in Throwing
 20288 | Lair:4   | Found a staircase to the Swamp.
 21450 | Lair:5   | Received a gift from Okawaru
 21466 | Lair:5   | Reached XP level 14. HP: 91/111 MP: 16/20
 22087 | Lair:5   | Learned a level 1 spell: Apportation
 22242 | Lair:5   | Found a staircase to the Slime Pits.
 22540 | Lair:6   | Entered Level 6 of the Lair of Beasts
 23183 | Lair:6   | Received a gift from Okawaru
 23780 | Lair:6   | Received a gift from Okawaru
 23843 | Lair:6   | Reached skill level 10 in Invocations
 24293 | Lair:6   | Noticed a dire elephant
 24322 | Lair:6   | Killed a dire elephant
 24322 | Lair:6   | Received a gift from Okawaru
 24480 | Lair:6   | Found a burning altar of Makhleb.
 24491 | Lair:6   | Reached XP level 15. HP: 112/120 MP: 16/23
 24776 | Lair:6   | Found a gateway to Hell.
 24970 | D:12     | Noticed Jorgrun
 24974 | D:12     | Killed Rupert
 24978 | D:12     | Killed from afar by Jorgrun

Levels and vault maps discovered:
D:1:      tarquinn_simple_flora_water_e, layout_loops_cross, minmay_crystal_room
D:2:      cheibrodos_greedy_goblins, layout_loops_ring, okawaru_gym_becter,
          uniq_sigmund
D:3:      layout_loops_ring, kiku_gazebo_garden_becter, first_ration,
          dk_noncrumbling_4
D:4:      layout_rooms, serial_shops, shop, uniq_edmund, uniq_grinder
D:5:      layout_rooms, gammafunk_temple_overflow_claw, basic_altar
D:6:      layout_gridville, nicolae_overflow_hidden_temple,
          minmay_temple_entry_proselytizer, minmay_shop_grid_forest,
          kennysheep_decorative_pillar
D:7:      layout_cave_pods, uniq_menkaure
D:8:      minmay_the_grid_triangle_9x9_recursive_2
          [minmay_the_grid_triangle_9x9_prize_special,
          minmay_the_grid_triangle_9x9_pentomino_pain,
          minmay_the_grid_triangle_9x9_from_above,
          minmay_the_grid_triangle_9x9_thin_v], layout_loops_ring,
          david_nohive_1, uniq_psyche, uniq_joseph
D:9:      layout_cross
D:10:     layout_loops_cross
D:11:     layout_long_grid, dpeg_oklobed_lair
D:12:     layout_roguey, orc_0_dummy, gammafunk_ghost_hydra_chop,
          onia_ninara_dug_in_and_dangerous, uniq_azrael, uniq_jorgrun,
          uniq_rupert
Lair:1:   gammafunk_cloud_chamber, layout_regular_city,
          minmay_lair_oklob_chamber, uniq_fannar
Lair:2:   layout_hall_layers, grunt_forest_stairs_basic, lemuel_fruit_fields,
          uniq_harold, uniq_erica, uniq_sonja
Lair:3:   layout_roguey, minmay_snake_entry_six_corridors
Lair:4:   layout_big_grid, minmay_swamp_entry_worms, minivault_11
Lair:5:   layout_roguey, minmay_slime_entry_oklob_enclosed, grunt_megastairs_2
Lair:6:   evil_forest, layout_regular_city, grunt_megastairs_1,
          lemuel_fruit_fields

Skill      XL: |  1  2  3  4  5  6  7  8  9 10 11 12 13 14 |
---------------+-------------------------------------------+-----
Fighting       | 2 3 4 5 6 8 10 12 | 12.0
Armour         | 1 4 5 6 7 8 |  8.0
Dodging        | 4 6 8 |  8.0
Invocations    | 4 7 8 11 | 11.9
Maces & Flails | 4 8 11 14 | 14.0
Evocations     | 6 |  6.0
Throwing       | 6 |  6.0
Short Blades   | |  1.0
Stealth        | |  1.0

Action                   |  1- 3 |  4- 6 |  7- 9 | 10-12 | 13-15 || total
-------------------------+-------+-------+-------+-------+-------++-------
Melee: Short sword       |    22 |       |       |       |       ||    22
       Spear             |   177 |       |       |       |       ||   177
       Mace              |       |       |   247 |   343 |       ||   590
       Punch             |       |       |     2 |       |       ||     2
       Dire flail        |       |       |       |   647 |   983 ||  1630
 Fire: Hunting sling     |     8 |   191 |   286 |       |       ||   485
Throw: Javelin           |       |       |     2 |    33 |     7 ||    42
       Stone             |       |       |     1 |       |       ||     1
       Throwing net      |       |       |       |     2 |       ||     2
       Boomerang         |       |       |       |    13 |    64 ||    77
       Dart              |       |       |       |       |     3 ||     3
Invok: Heroism           |       |       |    11 |    41 |    36 ||    88
       Finesse           |       |       |       |     2 |     6 ||     8
 Abil: Evoke Berserk Rag |       |       |     1 |     6 |       ||     7
Evoke: Wand              |     5 |    13 |    13 |     8 |     7 ||    46
       Lightning rod     |       |       |       |       |     4 ||     4
       Fan of gales      |       |       |       |       |     1 ||     1
  Use: Scroll            |     5 |     9 |     4 |    18 |     2 ||    38
       Potion            |       |       |       |     3 |     4 ||     7
 Stab: Sleeping          |     1 |       |       |       |       ||     1
  Eat: Chunk             |     2 |     6 |    11 |    37 |    21 ||    77
       Ration            |       |       |     1 |     2 |       ||     3
Armor: Leather armour    |    22 |       |       |       |       ||    22
       Ring mail         |    28 |       |       |       |       ||    28
       Chain mail        |    31 |   102 |       |       |       ||   133
       Plate armour      |       |    17 |   283 |   468 |   473 ||  1241
Dodge: Dodged            |    99 |    47 |   140 |   311 |   432 ||  1029

Table legend:
 A = Non-vault XP
 B = Vault XP
 C = Vault XP percentage of total XP
 D = Non-vault monster count
 E = Vault monster count
 F = Vault count percentage of total count
                 A         B        C        D         E       F
            +---------+---------+-------+---------+---------+-------
      Total |   53280 |   25437 |  32.3 |     446 |     109 |  19.6
            +---------+---------+-------+---------+---------+-------
        D:1 |      53 |       0 |   0.0 |      33 |       0 |   0.0
        D:2 |     104 |     249 |  70.5 |      29 |      15 |  34.1
        D:3 |     324 |       0 |   0.0 |      33 |       0 |   0.0
        D:4 |     318 |     446 |  58.4 |      14 |       2 |  12.5
        D:5 |     276 |       0 |   0.0 |       9 |       0 |   0.0
        D:6 |    1524 |      43 |   2.7 |      39 |       1 |   2.5
        D:7 |     907 |     361 |  28.5 |      18 |       4 |  18.2
        D:8 |    1305 |    4883 |  78.9 |      33 |      28 |  45.9
        D:9 |    2999 |       0 |   0.0 |      33 |       0 |   0.0
       D:10 |     715 |       0 |   0.0 |      28 |       0 |   0.0
       D:11 |    4315 |     602 |  12.2 |      43 |       1 |   2.3
       D:12 |     140 |    2918 |  95.4 |       2 |       1 |  33.3
     Lair:1 |    1263 |    1448 |  53.4 |       6 |       6 |  50.0
     Lair:2 |    1673 |    2148 |  56.2 |      14 |       3 |  17.6
     Lair:3 |    2126 |    1545 |  42.1 |      10 |      15 |  60.0
     Lair:4 |   12895 |    1304 |   9.2 |      34 |       5 |  12.8
     Lair:5 |   10852 |       0 |   0.0 |      40 |       0 |   0.0
     Lair:6 |   11491 |    9490 |  45.2 |      28 |      28 |  50.0
            +---------+---------+-------+---------+---------+-------
